[gd_scene load_steps=9 format=3 uid="uid://cviin72t356vf"]

[ext_resource type="Script" path="res://match/hud/pre_match_text/pre_match_text.gd" id="1_qlyb7"]
[ext_resource type="FontFile" uid="uid://dr6x7b6adisne" path="res://assets/fonts/love_ya/LoveYaLikeASister-Regular.ttf" id="1_qpvd3"]
[ext_resource type="Texture2D" uid="uid://crqrx7n0v57bd" path="res://assets/ui/circle.png" id="2_euory"]

[sub_resource type="LabelSettings" id="LabelSettings_rqdgh"]
font = ExtResource("1_qpvd3")
font_size = 128
outline_size = 30
outline_color = Color(0, 0, 0, 1)
shadow_size = 30
shadow_color = Color(0, 0, 0, 1)
shadow_offset = Vector2(15, 15)

[sub_resource type="LabelSettings" id="LabelSettings_wrkae"]
font = ExtResource("1_qpvd3")
font_size = 240
outline_size = 30
outline_color = Color(0, 0, 0, 1)
shadow_size = 30
shadow_color = Color(0, 0, 0, 1)
shadow_offset = Vector2(15, 15)

[sub_resource type="Animation" id="Animation_hq3e0"]
resource_name = "start"
length = 3.2
tracks/0/type = "value"
tracks/0/imported = false
tracks/0/enabled = true
tracks/0/path = NodePath("TextureProgressBar:value")
tracks/0/interp = 1
tracks/0/loop_wrap = true
tracks/0/keys = {
"times": PackedFloat32Array(0, 2.2),
"transitions": PackedFloat32Array(1, 1),
"update": 0,
"values": [100.0, 0.0]
}
tracks/1/type = "value"
tracks/1/imported = false
tracks/1/enabled = true
tracks/1/path = NodePath("TextureProgressBar:visible")
tracks/1/interp = 1
tracks/1/loop_wrap = true
tracks/1/keys = {
"times": PackedFloat32Array(0, 2.2),
"transitions": PackedFloat32Array(1, 1),
"update": 1,
"values": [true, false]
}
tracks/2/type = "method"
tracks/2/imported = false
tracks/2/enabled = true
tracks/2/path = NodePath(".")
tracks/2/interp = 1
tracks/2/loop_wrap = true
tracks/2/keys = {
"times": PackedFloat32Array(2.2),
"transitions": PackedFloat32Array(1),
"values": [{
"args": [&"countdown_finished"],
"method": &"emit_signal"
}]
}
tracks/3/type = "value"
tracks/3/imported = false
tracks/3/enabled = true
tracks/3/path = NodePath("Label1:position")
tracks/3/interp = 1
tracks/3/loop_wrap = true
tracks/3/keys = {
"times": PackedFloat32Array(0.2, 0.9),
"transitions": PackedFloat32Array(1, 1),
"update": 0,
"values": [Vector2(-776, 280), Vector2(112, 280)]
}
tracks/4/type = "value"
tracks/4/imported = false
tracks/4/enabled = true
tracks/4/path = NodePath("Label2:position")
tracks/4/interp = 1
tracks/4/loop_wrap = true
tracks/4/keys = {
"times": PackedFloat32Array(0.2, 0.9),
"transitions": PackedFloat32Array(1, 1),
"update": 0,
"values": [Vector2(1960, 600), Vector2(1096, 600)]
}
tracks/5/type = "value"
tracks/5/imported = false
tracks/5/enabled = true
tracks/5/path = NodePath("Label3:visible")
tracks/5/interp = 1
tracks/5/loop_wrap = true
tracks/5/keys = {
"times": PackedFloat32Array(0, 2.2),
"transitions": PackedFloat32Array(1, 1),
"update": 1,
"values": [false, true]
}
tracks/6/type = "value"
tracks/6/imported = false
tracks/6/enabled = true
tracks/6/path = NodePath("Label3:modulate")
tracks/6/interp = 1
tracks/6/loop_wrap = true
tracks/6/keys = {
"times": PackedFloat32Array(0, 2.2, 3.2),
"transitions": PackedFloat32Array(1, 2, 1),
"update": 0,
"values": [Color(1, 1, 1, 1), Color(1, 1, 1, 1), Color(1, 1, 1, 0)]
}
tracks/7/type = "value"
tracks/7/imported = false
tracks/7/enabled = true
tracks/7/path = NodePath("Label1:modulate")
tracks/7/interp = 1
tracks/7/loop_wrap = true
tracks/7/keys = {
"times": PackedFloat32Array(0, 2, 2.2),
"transitions": PackedFloat32Array(1, 1, 1),
"update": 0,
"values": [Color(1, 1, 1, 1), Color(1, 1, 1, 1), Color(1, 1, 1, 0)]
}
tracks/8/type = "value"
tracks/8/imported = false
tracks/8/enabled = true
tracks/8/path = NodePath("Label2:modulate")
tracks/8/interp = 1
tracks/8/loop_wrap = true
tracks/8/keys = {
"times": PackedFloat32Array(0, 2, 2.2),
"transitions": PackedFloat32Array(1, 1, 1),
"update": 0,
"values": [Color(1, 1, 1, 1), Color(1, 1, 1, 1), Color(1, 1, 1, 0)]
}

[sub_resource type="Animation" id="Animation_atrt1"]
length = 0.001
tracks/0/type = "value"
tracks/0/imported = false
tracks/0/enabled = true
tracks/0/path = NodePath("TextureProgressBar:value")
tracks/0/interp = 1
tracks/0/loop_wrap = true
tracks/0/keys = {
"times": PackedFloat32Array(0),
"transitions": PackedFloat32Array(1),
"update": 0,
"values": [100.0]
}
tracks/1/type = "value"
tracks/1/imported = false
tracks/1/enabled = true
tracks/1/path = NodePath("TextureProgressBar:visible")
tracks/1/interp = 1
tracks/1/loop_wrap = true
tracks/1/keys = {
"times": PackedFloat32Array(0),
"transitions": PackedFloat32Array(1),
"update": 1,
"values": [true]
}
tracks/2/type = "value"
tracks/2/imported = false
tracks/2/enabled = true
tracks/2/path = NodePath("Label1:position")
tracks/2/interp = 1
tracks/2/loop_wrap = true
tracks/2/keys = {
"times": PackedFloat32Array(0),
"transitions": PackedFloat32Array(1),
"update": 0,
"values": [Vector2(-776, 280)]
}
tracks/3/type = "value"
tracks/3/imported = false
tracks/3/enabled = true
tracks/3/path = NodePath("Label2:position")
tracks/3/interp = 1
tracks/3/loop_wrap = true
tracks/3/keys = {
"times": PackedFloat32Array(0),
"transitions": PackedFloat32Array(1),
"update": 0,
"values": [Vector2(1960, 600)]
}
tracks/4/type = "value"
tracks/4/imported = false
tracks/4/enabled = true
tracks/4/path = NodePath("Label3:visible")
tracks/4/interp = 1
tracks/4/loop_wrap = true
tracks/4/keys = {
"times": PackedFloat32Array(0),
"transitions": PackedFloat32Array(1),
"update": 1,
"values": [false]
}
tracks/5/type = "value"
tracks/5/imported = false
tracks/5/enabled = true
tracks/5/path = NodePath("Label3:modulate")
tracks/5/interp = 1
tracks/5/loop_wrap = true
tracks/5/keys = {
"times": PackedFloat32Array(0),
"transitions": PackedFloat32Array(1),
"update": 0,
"values": [Color(1, 1, 1, 1)]
}
tracks/6/type = "value"
tracks/6/imported = false
tracks/6/enabled = true
tracks/6/path = NodePath("Label1:modulate")
tracks/6/interp = 1
tracks/6/loop_wrap = true
tracks/6/keys = {
"times": PackedFloat32Array(0),
"transitions": PackedFloat32Array(1),
"update": 0,
"values": [Color(1, 1, 1, 1)]
}
tracks/7/type = "value"
tracks/7/imported = false
tracks/7/enabled = true
tracks/7/path = NodePath("Label2:modulate")
tracks/7/interp = 1
tracks/7/loop_wrap = true
tracks/7/keys = {
"times": PackedFloat32Array(0),
"transitions": PackedFloat32Array(1),
"update": 0,
"values": [Color(1, 1, 1, 1)]
}

[sub_resource type="AnimationLibrary" id="AnimationLibrary_a6cre"]
_data = {
"RESET": SubResource("Animation_atrt1"),
"start": SubResource("Animation_hq3e0")
}

[node name="PreMatchText" type="Control"]
layout_mode = 3
anchors_preset = 15
anchor_right = 1.0
anchor_bottom = 1.0
grow_horizontal = 2
grow_vertical = 2
script = ExtResource("1_qlyb7")

[node name="TextureProgressBar" type="TextureProgressBar" parent="."]
layout_mode = 1
anchors_preset = 8
anchor_left = 0.5
anchor_top = 0.5
anchor_right = 0.5
anchor_bottom = 0.5
offset_left = -51.25
offset_top = -51.25
offset_right = 153.75
offset_bottom = 153.75
grow_horizontal = 2
grow_vertical = 2
scale = Vector2(0.5, 0.5)
pivot_offset = Vector2(102.5, 102.5)
value = 100.0
fill_mode = 5
texture_progress = ExtResource("2_euory")

[node name="Label1" type="Label" parent="."]
layout_mode = 0
offset_left = -776.0
offset_top = 280.0
offset_right = -29.0
offset_bottom = 440.0
text = "Knock knock"
label_settings = SubResource("LabelSettings_rqdgh")

[node name="Label2" type="Label" parent="."]
layout_mode = 0
offset_left = 1960.0
offset_top = 600.0
offset_right = 2659.0
offset_bottom = 760.0
text = "Who's there?"
label_settings = SubResource("LabelSettings_rqdgh")

[node name="Label3" type="Label" parent="."]
visible = false
layout_mode = 1
anchors_preset = 8
anchor_left = 0.5
anchor_top = 0.5
anchor_right = 0.5
anchor_bottom = 0.5
offset_left = -349.5
offset_top = -80.0
offset_right = 349.5
offset_bottom = 80.0
grow_horizontal = 2
grow_vertical = 2
text = "Punchline!"
label_settings = SubResource("LabelSettings_wrkae")
horizontal_alignment = 1
vertical_alignment = 1

[node name="AnimationPlayer" type="AnimationPlayer" parent="."]
libraries = {
"": SubResource("AnimationLibrary_a6cre")
}
autoplay = "start"
